 Dungeon Crawl Stone Soup version 0.19.5 (webtiles) character file.

229 Wander the Cudgeler (level 6, -1/61 HPs)
             Began as an Ogre Hunter on Mar 29, 2017.
             Slain by a sky beast (5 damage)
             ... on level 3 of the Dungeon.
             The game lasted 00:07:52 (5627 turns).

Wander the Cudgeler (Ogre Hunter)                   Turns: 5627, Time: 00:07:53

Health: -1/61      AC:  3    Str: 18    XL:     6   Next: 3%
Magic:  6/6        EV: 10    Int: 10    God:
Gold:   205        SH:  0    Dex: 12    Spells: 0 memorised, 5 levels left

rFire  . . .     SeeInvis .     g - +0 club
rCold  . . .     Gourm    .     b - +0 robe
rNeg   . . .     Faith    .     (no shield)
rPois  .         Spirit   .     (helmet restricted)
rElec  .         Reflect  .     (no cloak)
rCorr  .         Harm     .     (gloves unavailable)
MR     .....                    (boots unavailable)
Stlth  +.........               (no amulet)
                                (no ring)
                                (no ring)

@: no status effects
A: unfitting armour, tough skin 1
a: no special abilities


You were on level 3 of the Dungeon.
You were hungry.

You visited 1 branch of the dungeon, and saw 4 of its levels.

You collected 205 gold pieces.

Inventory:

Hand Weapons
 a - a +0 short sword
 g - a +0 club (weapon)
Missiles
 c - 2 large rocks (quivered)
 q - a throwing net
Armour
 b - a +0 robe (worn)
Jewellery
 h - an uncursed ring of fire
Scrolls
 d - a scroll of magic mapping {unknown}
 k - 2 scrolls of amnesia
 l - 2 scrolls of immolation {unknown}
Potions
 e - a potion of mutation {unknown}
 i - a potion of degeneration {unknown}
 j - a potion of cancellation {unknown}
 m - a potion of magic {unknown}
 n - 2 potions of curing {unknown}
 o - 2 potions of haste
 p - a potion of lignification {unknown}
 s - a potion of might
 t - a potion of brilliance {unknown}
Comestibles
 f - 7 bread rations
 r - 2 meat rations


   Skills:
 - Level 3.0 Fighting
 * Level 7.3 Maces & Flails
 - Level 4.0 Throwing
 - Level 1.7 Dodging
 - Level 0.6 Stealth


You had 5 spell levels left.
You didn't know any spells.

Dungeon Overview and Level Annotations

Branches:
Dungeon (4/15)
 Temple: D:4-7

Altars:

Annotations:
D:3 1 runed door


Innate Abilities, Weirdness & Mutations

You are too large for most types of armour.
You have tough skin. (AC +1)


Message History

You throw a large rock. The large rock misses the sky beast.
The sky beast flickers out of sight!
Deactivating autopickup; reactivate with Ctrl-A.
Something hits you. Something shocks you. Something hits you.
Something shocks you.
* * * LOW HITPOINT WARNING * * *
A leopard gecko, a bat and a rat come into view.
Throwing (i - inventory. (,) - cycle):
c - 3 large rocks (quivered)
Press: ? - help, Shift-Dir - straight line, f - bat
Aim: a bat You throw a large rock.
The large rock misses the bat.
The leopard gecko hisses angrily.
Something hits you.
* * * LOW HITPOINT WARNING * * *
Something shocks you.
* * * LOW HITPOINT WARNING * * *
Something hits you.
* * * LOW HITPOINT WARNING * * *
Something shocks you.
You die...

##. #..# #.## ....
#..# (.(.
........#..# #.r#
.#####..#... ..#
.#$[?#..##.# ..#
.#(($#.....# #b#
.#[[=#..#..# #{#
.#####..#..# #@#
........#..# #.#
...........# #.#
#.#.##.##[## #.#
#.#.##.##.## #l#
#.#.##..)... #.#
#...........
#.#######.##......
#.................
####..>...........


You could see a leopard gecko, a bat and a rat.

Vanquished Creatures
  Ijyb (D:2)
  An iguana (D:3)
  7 gnolls
  2 adders (D:2)
  An ooze (D:3)
  3 worms
  3 dart slugs
  A leopard gecko (D:2)
  An orc (D:3)
  3 giant cockroaches
  5 goblins
  15 hobgoblins
  4 jackals
  5 kobolds
  A quokka (D:2)
  3 ball pythons
  6 bats
  6 frilled lizards
  4 rats
72 creatures vanquished.

Notes
Turn   | Place    | Note
-------+----------+-------------------------------------------
     0 | D:1      | Wander the Ogre Hunter began the quest for the Orb.
     0 | D:1      | Reached XP level 1. HP: 22/22 MP: 1/1
   137 | D:1      | Reached skill level 1 in Maces & Flails
   171 | D:1      | Reached XP level 2. HP: 12/31 MP: 2/2
   438 | D:1      | Reached skill level 2 in Maces & Flails
   944 | D:1      | Reached skill level 3 in Maces & Flails
  1080 | D:1      | Reached XP level 3. HP: 19/37 MP: 3/3
  2553 | D:2      | Reached skill level 4 in Maces & Flails
  2866 | D:2      | Reached XP level 4. HP: 32/45 MP: 4/4
  3181 | D:3      | Reached skill level 5 in Maces & Flails
  3357 | D:3      | Found a runed door.
  4112 | D:3      | Reached skill level 6 in Maces & Flails
  4112 | D:3      | Reached XP level 5. HP: 20/53 MP: 5/5
  4490 | D:3      | Noticed Ijyb
  4890 | D:2      | Killed Ijyb
  4967 | D:2      | Reached skill level 7 in Maces & Flails
  5494 | D:3      | Reached XP level 6. HP: 42/61 MP: 6/6
  5614 | D:3      | Noticed a sky beast
  5627 | D:3      | Slain by a sky beast

Skill      XL: |  1  2  3  4  5 |
---------------+----------------+-----
Fighting       | 3 |  3.0
Maces & Flails | 1 3 4 6 7 |  7.3
Throwing       | |  4.0
Dodging        | |  1.7
Stealth        | |  0.6

Action                   |  1- 3 |  4- 6 || total
-------------------------+-------+-------++-------
Melee: Short sword       |    72 |       ||    72
       Dagger            |   212 |       ||   212
       Club              |    51 |   174 ||   225
Throw: Large rock        |     1 |    25 ||    26
       Throwing net      |       |     2 ||     2
  Use: Scroll            |     5 |       ||     5
       Potion            |       |     1 ||     1
 Stab: Sleeping          |     3 |     1 ||     4
  Eat: Chunk             |     7 |     8 ||    15
Armor: Robe              |   112 |    48 ||   160
Dodge: Dodged            |   211 |   103 ||   314
